 Dungeon Crawl Stone Soup version 0.22-a0-609-gfedc9ff (webtiles) character file.

3541 Supahsalami the Cleaver (level 9, -2/72 HPs)
             Began as a Demonspawn Berserker on July 10, 2018.
             Was a High Priest of Trog.
             Slain by a wyvern (10 damage)
             ... on level 8 of the Dungeon.
             The game lasted 00:31:50 (7345 turns).

Supahsalami the Cleaver (Demonspawn Berserker)      Turns: 7345, Time: 00:31:51

Health: -2/72      AC: 10    Str: 21    XL:     9   Next: 82%
Magic:  18/18      EV:  9    Int:  8    God:    Trog [*****.]
Gold:   542        SH: 12    Dex: 13    Spells: 8/8 levels left

rFire    . . .     SeeInvis .   D - +0 war axe
rCold    + . .     Gourm    .   v - +2 shield
rNeg     . . .     Faith    .   C - +0 scale mail
rPois    .         Spirit   .   (helmet restricted)
rElec    .         Reflect  .   d - +2 cloak
rCorr    .         Harm     .   (no gloves)
MR       .....                  (no boots)
Stlth    ..........             q - amulet of regeneration
HPRegen  0.62/turn              h - ring of magical power
MPRegen  0.16/turn              l - ring of ice

@: berserk cooldown, slowed, very slow
A: horns 1, fire resistance 1, powered by death 1
a: Berserk, Trog's Hand, Brothers in Arms, Renounce Religion


You were on level 8 of the Dungeon.
You worshipped Trog.
Trog was extremely pleased with you.
You were near starving.

You visited 2 branches of the dungeon, and saw 9 of its levels.
You also visited: Sewer and Ossuary.

You collected 587 gold pieces.
You spent 45 gold pieces at shops.

Inventory:

Hand Weapons
 i - a +1 hunting sling of flaming
 j - a +0 mace of protection
 y - a cursed -3 spear
 D - a +0 war axe (weapon)
 R - a +2 mace
Missiles
 z - 6 needles of sleeping
 A - 4 tomahawks
 I - 4 javelins (quivered)
 K - a throwing net
Armour
 d - a +2 cloak (worn)
 o - a +0 buckler
 v - a +2 shield (worn)
 x - a +0 plate armour
 B - the +5 plate armour "Mifued" {Regen+ Int+3, unknown}
   (You found it on level 4 of the Dungeon)

   It affects your intelligence (+3).
   It increases your rate of regeneration.
 C - a +0 scale mail (worn)
Magical Staves
 P - an uncursed staff of wizardry {unknown}
Jewellery
 h - a ring of magical power (left hand)
 l - a ring of ice (right hand)
 q - an amulet of regeneration (around neck)
Wands
 p - a wand of random effects (35)
 s - a wand of disintegration (18)
 M - a wand of paralysis (12)
 S - a wand of scattershot (5)
Scrolls
 g - 3 scrolls of teleportation
 t - a scroll of immolation {unknown}
 u - 2 scrolls of magic mapping {unknown}
 G - 2 scrolls of identify
 H - 2 scrolls of blinking
 J - a scroll of fear
 O - a scroll of remove curse
 Q - a scroll of vulnerability {unknown}
Potions
 a - a potion of agility
 b - 2 potions of heal wounds
 e - 6 potions of mutation
 f - a potion of berserk rage
 k - 6 potions of curing
 m - a potion of brilliance
 r - 2 potions of might
 w - 3 potions of lignification
 E - a potion of invisibility
 F - 2 potions of haste
 L - a potion of flight
 N - a potion of cancellation
Comestibles
 c - 11 rations
 n - 2 chunks of flesh


   Skills:
 + Level 7.1 Fighting
 * Level 8.6 Axes
 - Level 0.3 Throwing
 + Level 5.8 Armour
 - Level 2.3 Dodging
 + Level 5.3 Shields


You had 8 spell levels left.
You didn't know any spells.
Your spell library was empty.

Dungeon Overview and Level Annotations

Branches:
Dungeon (8/15)             Temple (1/1) D:6
   Lair: D:8-11

Altars:
Elyvilon
Hepliaklqana
Okawaru
Ru
Sif Muna
Zin

Shops:
D:4 (}%[   D:7 ?


Innate Abilities, Weirdness & Mutations

You have a pair of small horns on your head.
Your flesh is heat resistant. (rF+)
You regenerate a little health from kills.


Message History

You block the wyvern's attack. The wyvern bites you.
* * * LOW HITPOINT WARNING * * *
The wyvern bites you but does no damage.
You block the wyvern's attack. The wyvern barely misses you.
You open the door. You block the wyvern's attack.
The wyvern bites you but does no damage.
You block the wyvern's attack.
The wyvern bites you but does no damage.
There is an open door here.
The wyvern bites you!
* * * LOW HITPOINT WARNING * * *
Found 3 needles of sleeping and 19 arrows.
You slash the wyvern! Your headbutt misses the wyvern.
The wyvern is almost dead.
The wyvern barely misses you. You block the wyvern's attack.
The wyvern barely misses you. The wyvern bites you!
You die...

#.#...!.##.#)#
#.#........).#
#......###.###
#.#......#.#
##.....##.#.####
#<...###..ZF!..#
######
####O##+###
#....l....#
#.....@...#
#.........#
#.............
#...........(.
#.............
##########....
(... ###


You could see a two-headed ogre, a wyvern, a bullfrog and a quokka skeleton.

Vanquished Creatures
  A troll (D:5)
  Grinder (D:6)
  3 orc warriors
  3 phantoms
  A sky beast (D:8)
  4 ogres
  2 centaurs
  A crocodile (Sewer)
  3 bullfrogs
  2 water moccasin zombies (Ossuary)
  A scorpion (D:6)
  3 howler monkeys
  4 wights (D:7)
  3 crimson imps
  2 centaur zombies
  A bullfrog zombie (D:6)
  2 jellies
  A quasit (D:6)
  2 hounds
  2 centaur skeletons
  2 orc priests (D:6)
  A gnoll shaman (D:6)
  2 iguanas
  2 orc wizards
  Jessica (D:3)
  Ijyb (D:3)
  4 worker ants
  2 big kobold zombies (Ossuary)
  A hound zombie (D:6)
  3 mummies
  10 gnolls
  17 adders
  4 shadow imps
  3 oozes
  6 adder zombies (Ossuary)
  An adder skeleton (D:7)
  2 worms
  2 dart slugs (D:1)
  4 leopard geckos
  17 orcs
  A ball python (D:5)
  5 giant cockroaches
  6 gnoll zombies (Ossuary)
  7 hobgoblins
  8 jackals
  2 quokkas
  13 bats
  4 frilled lizards
  A giant cockroach zombie (D:6)
  8 goblins
  9 hobgoblin zombies (Ossuary)
  A jackal skeleton (D:6)
  A jackal zombie (D:5)
  6 kobolds
  3 kobold zombies (Ossuary)
  2 orc zombies (Ossuary)
  8 rats
212 creatures vanquished.

Notes
Turn   | Place    | Note
-------+----------+-------------------------------------------
     0 | D:1      | Supahsalami the Demonspawn Berserker began the quest for the Orb.
     0 | D:1      | Reached XP level 1. HP: 18/18 MP: 1/1
   180 | D:1      | Gained mutation: You regenerate a little health from kills. [demonic ancestry]
   180 | D:1      | Reached XP level 2. HP: 5/24 MP: 2/2
   669 | D:1      | Reached skill level 3 in Axes
   677 | D:1      | Reached ** piety under Trog
   677 | D:1      | Reached XP level 3. HP: 29/29 MP: 3/3
  1379 | D:2      | Reached XP level 4. HP: 34/37 MP: 4/4
  1556 | D:2      | Found a deep blue altar of Sif Muna.
  1557 | D:2      | Found a hazy altar of Hepliaklqana.
  1846 | D:2      | Found a glowing silver altar of Zin.
  2481 | D:3      | Noticed Jessica
  2484 | D:3      | Killed Jessica
  2484 | D:3      | Reached skill level 1 in Shields
  2484 | D:3      | Gained mutation: You have a pair of small horns on your head. [demonic ancestry]
  2484 | D:3      | Reached XP level 5. HP: 41/42 MP: 5/5
  2662 | D:3      | Noticed Ijyb
  2685 | D:3      | Killed Ijyb
  2685 | D:3      | Reached skill level 4 in Axes
  2931 | D:4      | Found Guisan's Gadget Emporium.
  3162 | D:4      | Reached *** piety under Trog
  3324 | D:4      | Gained mutation: Your flesh is heat resistant. (rF+) [demonic ancestry]
  3324 | D:4      | Reached XP level 6. HP: 48/48 MP: 6/6
  3466 | D:4      | Found Uqeubu's Food Shop.
  3503 | D:4      | Found Zakin's Antique Armour Boutique.
  3786 | D:4      | Found Fos Icke's Weapon Emporium.
  3788 | D:4      | Got a scorched plate armour
  3962 | D:5      | Entered Level 5 of the Dungeon
  3966 | D:5      | Noticed a troll
  4191 | D:5      | Found a sand-covered staircase.
  4197 | Ossuary  | Entered an ossuary
  4223 | Ossuary  | Reached skill level 5 in Axes
  4223 | Ossuary  | Reached XP level 7. HP: 47/55 MP: 7/7
  4524 | Ossuary  | Reached **** piety under Trog
  4620 | D:5      | Reached skill level 5 in Fighting
  4620 | D:5      | HP: 2/56 [mummy (4)]
  4744 | D:5      | Killed a troll
  4744 | D:5      | Reached skill level 6 in Axes
  4744 | D:5      | Reached XP level 8. HP: 62/62 MP: 8/8
  5085 | D:5      | Found a white marble altar of Elyvilon.
  5199 | D:6      | Noticed Grinder
  5203 | D:6      | Killed Grinder
  5312 | D:6      | Found a glowing drain.
  5343 | Sewer    | Entered a sewer
  5579 | D:6      | Reached skill level 7 in Axes
  5633 | D:6      | Reached XP level 9. HP: 32/69 MP: 9/9
  5697 | D:6      | Found a staircase to the Ecumenical Temple.
  5743 | Temple   | Entered the Ecumenical Temple
  5844 | D:6      | Reached skill level 5 in Armour
  6346 | D:7      | Reached ***** piety under Trog
  6574 | D:7      | Reached skill level 8 in Axes
  6613 | D:7      | Reached skill level 5 in Shields
  7083 | D:7      | Found Raleu's Magic Scroll Emporium.
  7086 | D:7      | Bought a scroll of fear for 45 gold pieces
  7191 | D:8      | Noticed a two-headed ogre
  7331 | D:8      | Noticed a two-headed ogre
  7345 | D:8      | Slain by a wyvern

Vault maps used:
D:1:      minmay_arrival_four_houses
D:2:      nicolae_overflow_crystal_walls, gammafunk_temple_overflow_statue
D:3:      first_ration, minmay_goblin_kobold_house, uniq_ijyb, uniq_jessica
D:4:      serial_shops, shop, shop_statue, shop, shop, solitary_fountain
D:5:      basic_altar, gup_ossuary_entry_pyramid, kennysheep_nondescript,
          kennysheep_another_room
D:6:      minmay_diamond_boxcup, temple_fountains, gup_sewer_entry_glass,
          uniq_grinder
D:7:      serial_shops, nicolae_shop_trees, corexii_corridor_pit,
          minmay_misc_feat_plants
D:8:      erik_lair_orcish_takeover
Temple:   regret_index_temple_mists
Sewer:    sewer_big_baddie
Ossuary:  ossuary_tomb_2

Skill      XL: |  1  2  3  4  5  6  7  8  9 |
---------------+----------------------------+-----
Dodging        | 2 |  2.3
Axes           | 3 4 5 6 7 8 |  8.6
Armour         | 2 3 4 5 |  5.8
Shields        | 1 2 3 4 5 |  5.3
Fighting       | 4 5 6 7 |  7.1
Throwing       | |  0.3

Action                   |  1- 3 |  4- 6 |  7- 9 || total
-------------------------+-------+-------+-------++-------
Melee: Hand axe          |   137 |    64 |       ||   201
       War axe           |       |   143 |   462 ||   605
       Headbutt          |       |    12 |   108 ||   120
Throw: Stone             |     9 |       |       ||     9
       Tomahawk          |       |     1 |     2 ||     3
       Javelin           |       |     2 |     6 ||     8
Invok: Trog's Hand       |       |       |     3 ||     3
       Berserk           |       |       |     2 ||     2
Evoke: Wand              |       |       |     6 ||     6
  Use: Scroll            |       |     9 |     9 ||    18
  Eat: Chunk             |     2 |     9 |     9 ||    20
       Ration            |       |       |     1 ||     1
Armor: Animal skin       |    13 |       |       ||    13
       Leather armour    |    35 |    26 |       ||    61
       Scale mail        |       |    70 |   139 ||   209
Dodge: Dodged            |    93 |    79 |   156 ||   328
Block: Buckler           |    13 |       |       ||    13
       Shield            |     7 |   133 |   280 ||   420

Table legend:
 A = Spawn XP
 B = Non-spawn XP
 C = Spawn XP percentage of total XP
 D = Spawn monster count
 E = Non-spawn monster count
 F = Spawn count percentage of total count
 G = Total turns spent on level
                    A         B        C        D         E        F      G
               +---------+---------+-------+---------+---------+-------+---------
         Total |       0 |    5059 |   0.0 |       0 |     212 |   0.0 |  7345
               +---------+---------+-------+---------+---------+-------+---------
           D:1 |       0 |      54 |   0.0 |       0 |      27 |   0.0 |  1014
           D:2 |       0 |      89 |   0.0 |       0 |      25 |   0.0 |  1107
           D:3 |       0 |     195 |   0.0 |       0 |      18 |   0.0 |  1106
           D:4 |       0 |     123 |   0.0 |       0 |      11 |   0.0 |   879
           D:5 |       0 |     795 |   0.0 |       0 |      13 |   0.0 |   645
           D:6 |       0 |    1778 |   0.0 |       0 |      47 |   0.0 |  1033
           D:7 |       0 |    1011 |   0.0 |       0 |      24 |   0.0 |   984
           D:8 |       0 |     587 |   0.0 |       0 |       9 |   0.0 |    98
         Sewer |       0 |     117 |   0.0 |       0 |       6 |   0.0 |    95
       Ossuary |       0 |     310 |   0.0 |       0 |      32 |   0.0 |   382
               +---------+---------+-------+---------+---------+-------+---------
